 Dungeon Crawl Stone Soup version 0.29.0-4-gdea44cf6ec (webtiles) character file.

Game seed: 13404779431079218101

110 qw the Chopper (level 4, -1/26 HPs)
             Began as a Tengu Warper on Aug 28, 2022.
             Slain by Terence
             ... wielding a +0 flail of protection
              (3 damage)
             ... on level 3 of the Dungeon.
             The game lasted 00:00:12 (2414 turns).

qw the Chopper (Tengu Warper)                       Turns: 2414, Time: 00:00:12

Health: -1/26      AC:  6    Str: 13    XL:     4   Next: 91%
Magic:  8/8        EV:  9    Int: 13    God:
Gold:   159        SH:  4    Dex: 14    Spells: 7/7 levels left

rFire   . . .      SeeInvis .   c - +2 hand axe (freeze)
rCold   . . .      Faith    .   f - +0 buckler
rNeg    . . .      Spirit   .   g - +0 scale mail
rPois   .          Reflect  .   (helmet restricted)
rElec   .          Harm     .   (no cloak)
rCorr   .          Rampage  .   (no gloves)
Will    .....                   (boots unavailable)
Stlth   ..........              (no amulet)
HPRegen 0.08/turn               (no ring)
MPRegen 0.11/turn               (no ring)

@: no status effects
A: beak, talons 3
a: no special abilities


You were on level 3 of the Dungeon.
You visited 1 branch of the dungeon, and saw 3 of its levels.

You collected 159 gold pieces.


Innate Abilities, Weirdness & Mutations

You have a beak for a mouth.
You have claws for feet.


   Skills:
 - Level 2.0 Fighting
 + Level 5.2 Axes
 - Level 1.0 Throwing
 - Level 1.1 Armour
 - Level 2.1 Dodging
 - Level 1.0 Shields
 - Level 2.0 Spellcasting
 - Level 2.4 Translocations


You had 7 spell levels left.
You didn't know any spells.
Your spell library contained the following spells:

 Spells                   Type           Power      Damage    Failure   Level
 Blink                    Tloc           14%        N/A       67%         2
 Gell's Gravitas          Tloc           7%         N/A       88%         3
 Lesser Beckoning         Tloc           7%         N/A       88%         3
 Teleport Other           Tloc           7%         N/A       88%         3
 Manifold Assault         Tloc           7%         N/A       100%        5

Inventory:

Hand Weapons
 c - a +2 hand axe of freezing (weapon)
 d - a +0 mace
Armour
 f - a +0 buckler (worn)
 g - a +0 scale mail (worn)
Wands
 e - a wand of digging (5)
Scrolls
 a - 3 scrolls of identify
 b - a scroll of enchant weapon {unknown}
Potions
 h - a potion of might {unknown}
 i - a potion of heal wounds {unknown}
 k - a potion of haste

Dungeon Overview and Level Annotations

Branches:
Dungeon (3/15)

Altars:
Fedhas
Nemelex Xobeh

Shops:
D:1 *([?

Annotations:
D:3 Terence


Message History

2403 ||| Stepping ~*~*~tactically~*~*~ (stealth).
You open the door.
Terence zaps a wand.
The bolt of light misses you.
The kobold throws a stone.
You block the stone.
There is an open door here.
You closely miss the kobold. The kobold hits you but does no damage.
You block the kobold's attack.
You hit Terence but do no damage. You claw Terence. Your peck misses Terence.
Terence is lightly wounded.
You closely miss the kobold.
Terence bares his teeth.
Terence zaps a wand.
The bolt of light misses you. The kobold closely misses you.
You hit Terence but do no damage. You peck Terence, but do no damage.
Terence is lightly wounded.
You closely miss the kobold.
Terence hits you with a +0 flail of protection.
The kobold hits you with a +0 short sword.
You hit Terence but do no damage. You peck Terence.
Terence is moderately wounded.
You hit the kobold but do no damage.
Terence zaps a wand.
The bolt of light hits you!
Ouch! That really hurt!
The kobold hits you with a +0 short sword.
You hit Terence but do no damage.
Terence is moderately wounded.
You closely miss the kobold. Terence barely misses you.
The kobold hits you with a +0 short sword.
You hit Terence but do no damage. You claw Terence, but do no damage.
Terence is moderately wounded.
You hit the kobold. You freeze the kobold. Terence hits you but does no damage.
You block the kobold's attack.
You closely miss the kobold. You claw the kobold.
You kill the kobold!
You hit Terence but do no damage. Terence barely misses you.
You hit Terence but do no damage. Your peck misses Terence.
Terence is moderately wounded.
Terence hits you with a +0 flail of protection.
You die...

##.#######.#
###.##........# ##...##
#.# #.......#####.#
...#....##.#
#.#.###.########
#..####.##.###.#.#
#......... .#.#
............# ##########
+#.# .###..#.###########
......#......# .......
............#####@......
..........>.....@)......
...........#...##.......
.#'##...................
<#.##.....####.####.....
#..... #.....# .....
......#.......# ....
..##..#.......# ...
....._..... ###
..#.......#.#


You could see Terence.

Vanquished Creatures
  A hound (D:3)
  Ijyb (D:3)
  An adder (D:3)
  2 dart slugs
  An orc (D:3)
  6 endoplasms
  A giant cockroach (D:2)
  3 goblins
  2 hobgoblins
  2 jackals (D:1)
  5 kobolds
  A quokka (D:1)
  5 ball pythons
  2 bats
  4 frilled lizards (D:1)
  4 rats
41 creatures vanquished.

Notes
Turn   | Place    | Note
-------+----------+-------------------------------------------
     0 | D:1      | qw the Tengu Warper began the quest for the Orb.
     0 | D:1      | Reached XP level 1. HP: 12/12 MP: 4/4
     0 | D:1      | 0 ||| qw: Version: 0.1-a-89-g26bdef1
     0 | D:1      | 0 ||| qw: Game counter: 576
     0 | D:1      | 0 ||| qw: Always use a shield: true
     0 | D:1      | 0 ||| qw: God list: Okawaru
     0 | D:1      | 0 ||| qw: Allow faded altars: false
     0 | D:1      | 0 ||| qw: Do Orc after D:15 true
     0 | D:1      | 0 ||| qw: Do second Lair branch before Depths: true
     0 | D:1      | 0 ||| qw: Lair rune preference: random
     0 | D:1      | 0 ||| qw: Plans: Normal
     0 | D:1      | 0 ||| PLANNING D:1-11
    71 | D:1      | Found Exko's Weapon Emporium.
    84 | D:1      | 84 ||| SHOPLISTING +0 club (13 gold, have 6).
    84 | D:1      | 84 ||| SHOPLISTING +0 mace (39 gold, have 6).
   287 | D:1      | Found Vageir's Antique Armour Shoppe.
   292 | D:1      | Reached XP level 2. HP: 16/17 MP: 6/6
   301 | D:1      | 301 ||| SHOPLISTING cloak (103 gold, have 6).
   301 | D:1      | 301 ||| SHOPLISTING pair of gloves (103 gold, have 6).
   301 | D:1      | 301 ||| SHOPLISTING ring mail (92 gold, have 6).
   301 | D:1      | 301 ||| SHOPLISTING shiny buckler (172 gold, have 6).
   301 | D:1      | 301 ||| SHOPLISTING smelly leather armour (161 gold, have
                  | 6).
   318 | D:1      | Reached skill level 3 in Axes
   322 | D:1      | Found Aklaer's General Store.
   331 | D:1      | 331 ||| Stepping ~*~*~tactically~*~*~ (stealth).
   444 | D:1      | 444 ||| SHOPLISTING potion of might (44 gold, have 6).
   444 | D:1      | 444 ||| SHOPLISTING scroll of enchant armour (82 gold, have
                  | 6).
   444 | D:1      | 444 ||| SHOPLISTING scroll of enchant weapon (82 gold, have
                  | 6).
   908 | D:1      | Found Vusito's Magic Scroll Shoppe.
   920 | D:1      | Reached XP level 3. HP: 21/21 MP: 7/7
   926 | D:1      | 926 ||| SHOPLISTING scroll of identify (20 gold, have 17).
  1032 | D:1      | 1032 ||| UPGRADING to +0 buckler.
  1037 | D:1      | 1037 ||| READING 4 scrolls labelled BUOCZI WENWIKI.
  1038 | D:1      | 1038 ||| READING scroll labelled XIFEINUWKA.
  1043 | D:1      | 1043 ||| READING 2 scrolls labelled ZYOD ESMUICH.
  1044 | D:1      | 1044 ||| DROPPING scroll of blinking.
  1045 | D:1      | 1045 ||| DROPPING scroll of noise.
  1341 | D:2      | Reached skill level 1 in Shields
  1818 | D:2      | 1818 ||| UPGRADING to +0 scale mail.
  1828 | D:2      | 1828 ||| DROPPING +0 leather armour.
  1829 | D:2      | 1829 ||| READING scroll labelled GOCESA EZURUH.
  1956 | D:2      | 1956 ||| READING scroll labelled BIQOAQOPPO.
  1957 | D:2      | 1957 ||| READING scroll labelled OCI BILLAOXA.
  1958 | D:2      | 1958 ||| READING scroll labelled TIWKIC WIR HYU.
  1959 | D:2      | 1959 ||| READING 4 scrolls of identify.
  1959 | D:2      | 1959 ||| IDENTIFYING amethyst potion
  1960 | D:2      | 1960 ||| READING scroll of teleportation.
  2063 | D:3      | Reached skill level 4 in Axes
  2109 | D:3      | Reached XP level 4. HP: 26/26 MP: 8/8
  2111 | D:3      | 2111 ||| SWAPPING to +2 hand axe of freezing.
  2112 | D:3      | 2112 ||| DROPPING +0 hand axe.
  2116 | D:3      | Found a blossoming altar of Fedhas.
  2137 | D:3      | Noticed Ijyb
  2138 | D:3      | 2138 ||| Stepping ~*~*~tactically~*~*~ (stealth).
  2139 | D:3      | 2139 ||| Stepping ~*~*~tactically~*~*~ (stealth).
  2159 | D:3      | 2159 ||| Stepping ~*~*~tactically~*~*~ (hiding).
  2171 | D:3      | Killed Ijyb
  2172 | D:3      | Reached skill level 5 in Axes
  2398 | D:3      | Found a sparkling altar of Nemelex Xobeh.
  2401 | D:3      | Noticed Terence
  2402 | D:3      | 2402 ||| Stepping ~*~*~tactically~*~*~ (stealth).
  2403 | D:3      | 2403 ||| Stepping ~*~*~tactically~*~*~ (stealth).
  2410 | D:3      | HP: 5/26 [kobold/+0 short sword (2)]
  2411 | D:3      | HP: 2/26 [kobold/+0 short sword (3)]
  2414 | D:3      | Slain by Terence

Levels and vault maps discovered:
D:1:      dpeg_arrival_rhombi, layout_loops_ring, serial_shops, shop,
          nicolae_shop_crystal, nicolae_lakefront_shop, shop
D:2:      layout_basic
D:3:      layout_basic, old_standard_altar, lemuel_crystal_altar,
          fedhas_altar_1, uniq_ijyb, uniq_terence

Skill      XL: |  1  2  3  4 |
---------------+-------------+-----
Axes           | 3 4 5 |  5.2
Shields        | 1 |  1.0
Fighting       | |  2.0
Throwing       | |  1.0
Armour         | |  1.1
Dodging        | |  2.1
Spellcasting   | |  2.0
Translocations | |  2.4

Action                   |  1- 3 |  4- 6 || total
-------------------------+-------+-------++-------
Melee: Hand axe          |    70 |    19 ||    89
       Kick              |    17 |     7 ||    24
       Peck              |     6 |     2 ||     8
Throw: Boomerang         |     7 |       ||     7
  Use: Scroll            |     9 |       ||     9
Armor: Leather armour    |    12 |       ||    12
       Scale mail        |     8 |     6 ||    14
Dodge: Dodged            |    30 |     7 ||    37
Block: Buckler           |     2 |     3 ||     5

Table legend:
 A = Non-vault XP
 B = Vault XP
 C = Vault XP percentage of total XP
 D = Non-vault monster count
 E = Vault monster count
 F = Vault count percentage of total count
                 A         B        C        D         E       F
            +---------+---------+-------+---------+---------+-------
      Total |     122 |      36 |  22.8 |      40 |       1 |   2.4
            +---------+---------+-------+---------+---------+-------
        D:1 |      34 |       0 |   0.0 |      20 |       0 |   0.0
        D:2 |      19 |       0 |   0.0 |      11 |       0 |   0.0
        D:3 |      69 |      36 |  34.3 |       9 |       1 |  10.0
            +---------+---------+-------+---------+---------+-------
